 Dungeon Crawl Stone Soup version 0.18.1-48-g4cf74bf (webtiles) character file.

135 nuthulu the Covered (level 5, -8/32 HPs)
             Began as a Gargoyle Fighter on Sept 9, 2016.
             Killed from afar by an orc wizard (10 damage)
             ... with a magic dart
             ... on level 3 of the Dungeon on Sept 10, 2016.
             The game lasted 00:05:57 (1848 turns).

nuthulu the Covered (Gargoyle Fighter)              Turns: 1848, Time: 00:05:58

Health: -8/32      AC: 17    Str: 22      XL:     5   Next: 18%
Magic:  5/5        EV:  4    Int:  7 (8)  God:
Gold:   109        SH:  9    Dex:  7 (10) Spells: 0 memorised, 4 levels left

rFire  . . .     SeeInvis .     a - +0 flail
rCold  . . .     Gourm    .     e - +0 plate armour
rNeg   + . .     Faith    .     c - +0 shield
rPois  ∞         Spirit   .     (no helmet)
rElec  +         Dismiss  .     (no cloak)
rCorr  .         Reflect  .     k - +0 pair of gloves
SustAt .         Harm     .     (no boots)
MR     .....                    (no amulet)
Stlth  ..........               (no ring)
                                (no ring)

@: not resistant to hostile enchantments, extremely unstealthy
A: negative energy resistance 1, electricity resistance, strong 1, unbreathing,
petrification resistance, rot immunity, AC +4
a: no special abilities


You were on level 3 of the Dungeon.
You were hungry.

You visited 1 branch of the dungeon, and saw 3 of its levels.

You collected 109 gold pieces.

Inventory:

Hand Weapons
 a - a +0 flail (weapon)
Armour
 b - a +0 scale mail
 c - a +0 shield (worn)
 e - a +0 plate armour (worn)
 k - a +0 pair of gloves (worn)
Scrolls
 j - 2 scrolls of remove curse
 l - a scroll of teleportation
Potions
 d - a potion of might
 m - a potion of lignification
Comestibles
 f - 2 bread rations
 g - 2 chunks of flesh
 h - 2 meat rations
 i - 2 beef jerkies


   Skills:
 - Level 3.2 Fighting
 + Level 3.9 Maces & Flails
 + Level 4.7 Armour
 - Level 3.6 Shields


You had 4 spell levels left.
You didn't know any spells.

Dungeon Overview and Level Annotations

Branches:
Dungeon (3/15)

Altars:
Pakellas

Shops:
D:2 }


Innate Abilities, Weirdness & Mutations

You are resistant to torment.
Your stone body is resilient (AC +4).
You are immune to poison.
You resist negative energy.
You are resistant to electric shocks.
You can survive without breathing.
You are immune to petrification.
You are immune to rotting.
Your muscles are strong. (Str +2)


Message History

The orc wizard hits you but does no damage.
The orc wizard points at you and mumbles some strange words.
The magic dart hits you!
You hit the orc wizard.
The orc wizard is almost dead.
The orc wizard points at you and mumbles some strange words.
The puff of flame hits you!
* * * LOW HITPOINT WARNING * * *
The orc wizard hits you but does no damage.
You hit the orc wizard but do no damage.
The orc wizard is almost dead.
The orc wizard hits you with a dagger.
* * * LOW HITPOINT WARNING * * *
The orc wizard completely misses you.
You closely miss the orc wizard.
The orc wizard is almost dead.
The orc wizard hits you but does no damage.
The orc wizard gestures at you while chanting.
The magic dart hits you!
You die...

##### ##...##
#.##########.....#
#................#
###########.####.....####
.......####.# #.....(..#
#.)@o..# #.<......#
#)###### ######....
#..ooo(.% #.#.# #.######.
#.#.. ... #.#.. .#. #.. .
#. .# ... . ## ## #..


You could see an orc wizard.

Vanquished Creatures
  An orc wizard (D:3)
  Natasha (D:3)
  An adder (D:2)
  An ooze (D:1)
  2 worms
  2 dart slugs (D:1)
  A giant gecko (D:1)
  3 orcs (D:3)
  3 giant cockroaches
  8 goblins
  6 hobgoblins
  2 jackals (D:1)
  2 kobolds
  2 quokkas (D:2)
  3 ball pythons
  8 bats
  4 giant newts
  5 rats
55 creatures vanquished.

Notes
Turn   | Place    | Note
--------------------------------------------------------------
     0 | D:1      | nuthulu the Gargoyle Fighter began the quest for the Orb.
     0 | D:1      | Reached XP level 1. HP: 14/14 MP: 1/1
    77 | D:1      | Gained mutation: Your muscles are strong. (Str +2) [potion of beneficial mutation]
   382 | D:1      | Reached XP level 2. HP: 15/19 MP: 2/2
   625 | D:1      | Reached XP level 3. HP: 19/23 MP: 3/3
  1202 | D:2      | Reached skill level 4 in Armour
  1202 | D:2      | Reached XP level 4. HP: 28/28 MP: 4/4
  1536 | D:2      | Found an oddly glowing altar of Pakellas.
  1536 | D:2      | Found Pakellas's Prime Provisions.
  1672 | D:3      | Noticed Natasha
  1681 | D:3      | Killed Natasha
  1818 | D:3      | Reached XP level 5. HP: 27/32 MP: 5/5
  1848 | D:3      | Killed from afar by an orc wizard

Skill      XL: |  1  2  3 |
---------------+----------+-----
Maces & Flails | 3 |  3.9
Armour         | 4 |  4.7
Fighting       | |  3.2
Shields        | |  3.6

Action                   |  1- 3 |  4- 6 || total
-------------------------+-------+-------++-------
Melee: Flail             |   167 |    88 ||   255
  Use: Potion            |     4 |     2 ||     6
       Scroll            |     1 |     2 ||     3
  Eat: Chunk             |     1 |     2 ||     3
Armor: Scale mail        |     9 |       ||     9
       Plate armour      |   154 |    81 ||   235
Dodge: Dodged            |    39 |    18 ||    57
Block: Shield            |   119 |    54 ||   173
